 Dungeon Crawl Stone Soup version 0.28-a0-401-ge240ad9e29 (webtiles) character file.

Game seed: 16892755319922268373

51 desmos the Cudgeller (level 3, -3/33 HPs)
             Began as a Hill Orc Berserker on Sept 5, 2021.
             Was a Follower of Trog.
             Slain by a gnoll (10 damage)
             ... on level 2 of the Dungeon.
             The game lasted 00:08:03 (2104 turns).

desmos the Cudgeller (Hill Orc Berserker)           Turns: 2104, Time: 00:08:04

Health: -3/33      AC:  8    Str: 26    XL:     3   Next: 81%
Magic:  3/3        EV:  8    Int:  7    God:    Trog [*.....]
Gold:   34         SH:  0    Dex: 10    Spells: 2/2 levels left

rFire   . . .      SeeInvis .   a - +0 mace
rCold   . . .      Faith    .   (no shield)
rNeg    . . .      Spirit   .   h - +0 chain mail
rPois   .          Reflect  .   (no helmet)
rElec   .          Harm     .   (no cloak)
rCorr   .          Rampage  .   (no gloves)
Will    .....                   (no boots)
Stlth   ..........              (no amulet)
HPRegen 0.11/turn               f - +6 ring of strength
MPRegen 0.08/turn               (no ring)

@: no status effects
A: no striking features
a: Renounce Religion, Berserk


You were on level 2 of the Dungeon.
You worshipped Trog.
Trog was aware of your devotion.
You visited 1 branch of the dungeon, and saw 2 of its levels.

You collected 34 gold pieces.

Inventory:

Hand Weapons
 a - a +0 mace (weapon)
Armour
 b - a +0 animal skin
 h - a +0 chain mail (worn)
Jewellery
 f - a +6 ring of strength (left hand)
Scrolls
 d - a scroll of vulnerability {unknown}
 e - 3 scrolls of torment {unknown}
 j - a scroll of teleportation {unknown}
Potions
 c - a potion of curing {unknown}
 g - 2 potions of ambrosia {unknown}
 i - 2 potions of attraction {unknown}
 k - a potion of degeneration {unknown}


   Skills:
 + Level 4.1 Fighting
 + Level 4.3 Maces & Flails
 + Level 2.4 Armour
 + Level 1.9 Dodging


You had 2 spell levels left.
You didn't know any spells.
Your spell library was empty.

Dungeon Overview and Level Annotations

Branches:
Dungeon (2/15)

Altars:

Annotations:
D:2 Sigmund


Message History

Unknown command.
You closely miss the bat. The bat closely misses you.
You hear some strange, mumbled words.
A puff of flame appears from out of thin air!
The puff of flame hits you.
* * * LOW HITPOINT WARNING * * *
The bat closely misses you.
Found a scroll labelled XAIVEROANI.
You feel less confused. The bat barely misses you.
The bat hits you but does no damage. The bat hits you but does no damage.
The bat barely misses you.
A puff of flame appears from out of thin air!
The puff of flame hits you.
* * * LOW HITPOINT WARNING * * *
The bat hits you but does no damage.
Sigmund appears from thin air!
Reactivating autopickup.
The bat hits you but does no damage.
Sigmund says, "You will soon forget everything."
The bat barely misses you. The bat hits you but does no damage.
You see here a scroll labelled XAIVEROANI.
e - 3 scrolls labelled XAIVEROANI (gained 1)
The bat hits you but does no damage. x2
Sigmund casts a spell.
Sigmund flickers and vanishes!
Deactivating autopickup; reactivate with Ctrl-A.
A gnoll comes into view. It is wielding a +0 flail.
The bat hits you but does no damage. x2
The bat hits you but does no damage. The bat hits you but does no damage.
The bat barely misses you.
You sock the bat!
You kill the bat!
Trog accepts your kill. Something hits you but does no damage.
You miss something. The gnoll hits you with a +0 flail!
You die...

###### ########....#
#......#....#
############......#....#
........#.........#....#
........................
........#....######....#
........###### ######
......g@### #####.....#
##....# #....# #....#
#....# ######


You could see a gnoll.

Vanquished Creatures
  An adder (D:2)
  7 ball pythons
  3 bats
  2 endoplasms (D:1)
  3 giant cockroaches
  2 goblins (D:1)
  9 hobgoblins
  2 frilled lizards (D:1)
  6 kobolds (D:1)
  A rat (D:1)
36 creatures vanquished.

Notes
Turn   | Place    | Note
-------+----------+-------------------------------------------
     0 | D:1      | desmos the Hill Orc Berserker began the quest for the Orb.
     0 | D:1      | Reached XP level 1. HP: 19/19 MP: 1/1
   363 | D:1      | Found a faded altar of an unknown god.
   376 | D:1      | Reached XP level 2. HP: 22/27 MP: 2/2
  1024 | D:1      | Reached XP level 3. HP: 33/33 MP: 3/3
  1767 | D:2      | Noticed Sigmund
  2104 | D:2      | Slain by a gnoll

Illustrated notes

Levels and vault maps discovered:
D:1:      arrival_zaba_pyramid, layout_loops_corners,
          ebering_ecumenical_altar_hall, grunt_decor_clamped, st_stairs_4
D:2:      layout_basic, uniq_sigmund

Skill      XL: |  1  2  3 |
---------------+----------+-----
Fighting       | 4 |  4.1
Maces & Flails | 4 |  4.3
Armour         | |  2.4
Dodging        | |  1.9

Action                   || total
-------------------------++-------
Melee: Mace              ||   112
Armor: Animal skin       ||    16
       Chain mail        ||    38
Dodge: Dodged            ||    91

Table legend: (Time is in decaauts)
 A = Elapsed time spent in this place.
 B = Non-inter-level travel time spent in this place.
 C = Inter-level travel time spent in this place.
 D = Time resting spent in this place.
 E = Time spent auto-exploring this place.
 F = Levels seen in this place.
 G = Mean time per level.
                   A        B        C        D        E       F      G
               +--------+--------+--------+--------+--------+-----+--------+
         Total |   2127 |   2070 |     57 |    493 |   1164 |   2 | 1063.5 |
       Dungeon |   2127 |   2070 |     57 |    493 |   1164 |   2 | 1063.5 |
               +--------+--------+--------+--------+--------+-----+--------+

Top non-repeatable levels by time:
     D:1: 1789 daAuts
     D:2: 338 daAuts
